 Dungeon Crawl Stone Soup version 0.29-a0-283-ga02f740833 (webtiles) character file.

Game seed: 9873612055971131816

1732 spaghetti the Carver (level 8, -2/45 HPs)
             Began as a Deep Elf Berserker on Mar 14, 2022.
             Was a Believer of Trog.
             Slain by a troll (8 damage)
             ... on level 6 of the Dungeon.
             The game lasted 00:09:49 (6303 turns).

spaghetti the Carver (Deep Elf Berserker)           Turns: 6303, Time: 00:09:50

Health: -2/45      AC: 14    Str: 25    XL:     8   Next: 76%
Magic:  19/19      EV: 10    Int: 19    God:    Trog [**....]
Gold:   268        SH:  3    Dex: 14    Spells: 7/7 levels left

rFire   + . .      SeeInvis .   E - +3 dagger "Cyutuox" {protect, rElec rC- MP+9 Str+9, short}
rCold   x . .      Faith    .   q - +0 buckler
rNeg    . . .      Spirit   .   j - +3 chain mail {rF+}
rPois   .          Reflect  .   (no helmet)
rElec   +          Harm     .   (no cloak)
rCorr   .          Rampage  .   k - +1 pair of gloves
Will    ++...                   s - +0 pair of boots
Stlth   ..........              (no amulet)
HPRegen 1.15/turn               y - +6 ring of intelligence
MPRegen 0.16/turn               (no ring)

@: mighty, brilliant, strong-willed, on berserk cooldown, regenerating, slowed,
very slow
A: no striking features
a: Renounce Religion, Berserk, Trog's Hand


You were on level 6 of the Dungeon.
You worshipped Trog.
Trog was pleased with you.
You visited 1 branch of the dungeon, and saw 6 of its levels.

You collected 268 gold pieces.


   Skills:
 - Level 2.4 Fighting
 - Level 3.0(7.2) Short Blades
 + Level 9.4(9.6) Long Blades
 - Level 1.5 Armour
 + Level 5.8 Dodging


You had 7 spell levels left.
You didn't know any spells.
Your spell library contained the following spells:

 Spells                   Type           Power      Damage    Failure   Level
 Sting                    Tmut/Pois      0%         1d3       91%         1
 Ignite Poison            Fire/Tmut/Pois 0%         N/A       99%         3
 Ozocubu's Armour         Ice            0%         N/A       99%         3
 Metabolic Englaciation   Hex/Ice        0%         N/A       100%        5
 Simulacrum               Ice/Necr       0%         N/A       100%        6
 Storm Form               Tmut/Air       0%         N/A       100%        7
 Summon Hydra             Summ           0%         N/A       100%        7

Inventory:

Hand Weapons
 a - a +0 short sword {short}
 e - a +1 dagger of flaming {short}
   (You took it off a goblin on level 1 of the Dungeon)
 p - a +2 short sword of freezing {short}
   (You took it off a kobold on level 2 of the Dungeon)
 t - a +2 dagger of venom {short}
   (You took it off a goblin on level 3 of the Dungeon)
 E - the +3 dagger "Cyutuox" (weapon) {protect, rElec rC- MP+9 Str+9, short}
   (You found it on level 5 of the Dungeon)

   It grants its wielder temporary protection when it strikes (+7 to AC).
   Str:       It affects your strength (+9).
   rC:        It makes you vulnerable to cold.
   rElec:     It insulates you from electricity.
   MP:        It affects your magic capacity (+9).
Missiles
 d - 89 stones (quivered) {throwing}
 h - 2 poisoned darts {throwing}
 n - 2 javelins {throwing}
 D - 2 throwing nets {=f!fthrowing}
Armour
 b - a +0 animal skin
 j - a +3 chain mail of fire resistance (worn)
   (You took it off Terence on level 2 of the Dungeon)
 k - a +1 pair of gloves (worn)
   (You found it on level 2 of the Dungeon)
 l - the +0 leather armour "Atzumev" {Harm rF+ Stlth+}
   (You found it on level 2 of the Dungeon)

   rF:        It protects you from fire.
   Harm:      It increases damage dealt and taken.
   Stlth:     It makes you more stealthy.
 q - a +0 buckler (worn)
   (You found it on level 3 of the Dungeon)
 s - a +0 pair of boots (worn)
   (You found it on level 3 of the Dungeon)
Jewellery
 y - a +6 ring of intelligence (left hand)
   (You found it on level 4 of the Dungeon)
 B - a ring of see invisible
   (You found it on level 5 of the Dungeon)
 H - a +6 ring of intelligence
   (You found it on level 5 of the Dungeon)
Wands
 c - a wand of paralysis (12)
   (You took it off Ijyb on level 3 of the Dungeon)
 w - a wand of flame (19)
   (You found it on level 4 of the Dungeon)
 A - a wand of iceblast (8)
   (You found it on level 5 of the Dungeon)
Scrolls
 i - a scroll of vulnerability {!r!r}
 o - 3 scrolls of teleportation {@r4}
 u - 3 scrolls of immolation {!r!r}
 v - a scroll of enchant armour
 C - 2 scrolls of fog
 G - 2 scrolls of identify {@r1}
Potions
 f - a potion of might
 g - a potion of curing {@q1}
 r - a potion of resistance {unknown}
 x - 2 potions of attraction {unknown}
 z - a potion of invisibility {unknown}
 F - a potion of haste {unknown}

Dungeon Overview and Level Annotations

Branches:
Dungeon (6/15)
 Temple: D:4-7

Altars:
Qazlal
Xom

Shops:
D:6

? #.........∩
##..........
#..........(
###...........
##.............
...............
##.....T......
#.....@.......
##..).........
##...<....###
###....###
######


You could see a troll.


Message History

No target in range!
No target in range!
No target in range!
No target in range!
No target in range!
No target in range!
No target in range!
No target in range!
No target in range!
A troll comes into view.
The troll shouts!
The centaur unwields a +0 shortbow.
The centaur hits you but does no damage.
The centaur kicks you but does no damage.
You hit the centaur. You block the centaur's attack.
The centaur kicks you. 😕 HP[-1]
You take 1 damage, and now have 57/67 hp.
You hit the centaur. The centaur barely misses you.
The centaur kicks you but does no damage.
You barely miss the centaur. The centaur closely misses you.
The centaur barely misses you.
You completely miss the centaur.
The water moccasin bites you but does no damage.
You puncture the centaur!
The centaur hits you but does no damage.
The centaur completely misses you. The water moccasin barely misses you.
You puncture the centaur!
You kill the centaur!
Trog accepts your kill. 😕 HP[+1]
You hit the water moccasin.
The water moccasin bites you but does no damage.
You puncture the water moccasin! The water moccasin barely misses you.
You hit the water moccasin. You puncture the water moccasin!
You kill the water moccasin!
Trog accepts your kill.
Found Poehompi's Magic Scroll Shoppe.
The troll bites you but does no damage.
The troll claws you but does no damage. x2
You barely miss the troll. You hit the troll. The troll bites you!
The troll claws you but does no damage. The troll closely misses you. 😮 HP[-11]
You take 11 damage, and now have 47/67 hp.
You puncture the troll! You closely miss the troll. You barely miss the troll.
The troll barely misses you. The troll claws you but does no damage.
The troll closely misses you.
You closely miss the troll.
You are no longer berserk.
You are exhausted.
You feel yourself slow down. 😮 HP[-15]
You now have 45 max hp (-22).
Unknown command.
Okay, then.
Okay, then.
You feel very mighty all of a sudden. The troll bites you. The troll claws you.
The troll completely misses you. The troll barely misses you.
The troll claws you but does no damage. The troll claws you!
* * * LOW HITPOINT WARNING * * *
😨 HP[-12]
You take 12 damage, and now have 20/45 hp.
MASSIVE DAMAGE!! (PAUSE) It was a potion of brilliance.
You feel clever all of a sudden.
You block the troll's attack. x2; The troll claws you!
* * * LOW HITPOINT WARNING * * *
😨 HP[-8]
You take 8 damage, and now have 12/45 hp.
Unknown command.
Your skin crawls.
You feel strong-willed. The troll bites you!
* * * LOW HITPOINT WARNING * * *
You block the troll's attack. The troll claws you.
* * * LOW HITPOINT WARNING * * *
The troll bites you but does no damage. The troll barely misses you.
The troll claws you but does no damage. 😱 HP[-6]
You take 6 damage, and now have 6/45 hp.
Unknown command.
Okay, then.
Okay, then.
Aiming: Paralyse
Press: ? - help, Shift-Dir - straight line, f - troll
Aim: a troll (lightly wounded, chance to affect: 49%)
The troll resists with some effort.
The troll barely misses you. The troll claws you but does no damage.
The troll closely misses you. 😱 HP[+2]
You regained 2 hp, and now have 8/45 hp.
Aiming: Paralyse
Press: ? - help, Shift-Dir - straight line, f/p - troll
Aim: a troll (lightly wounded, chance to affect: 49%)
The troll resists with some effort.
The troll closely misses you. The troll claws you.
* * * LOW HITPOINT WARNING * * *
The troll claws you!
You die...

Skill      XL: |  1  2  3  4  5  6  7  8 |
---------------+-------------------------+-----
Long Blades    | 1 2 3 4 5 6 8 9 |  9.4
Dodging        | 5 |  5.8
Fighting       | |  2.4
Short Blades   | |  3.0
Armour         | |  1.5

Action                   |  1- 3 |  4- 6 |  7- 9 || total
-------------------------+-------+-------+-------++-------
Melee: Short sword       |    13 |   120 |       ||   133
       Dagger            |    66 |   109 |   231 ||   406
Throw: Stone             |    16 |    83 |    46 ||   145
Invok: Berserk           |     5 |     5 |     5 ||    15
       Trog's Hand       |       |       |     3 ||     3
Evoke: Wand              |       |       |     2 ||     2
  Use: Scroll            |     1 |     5 |     3 ||     9
       Potion            |       |     3 |     3 ||     6
 Stab: Sleeping          |     1 |       |       ||     1
Armor: Animal skin       |    10 |       |       ||    10
       Chain mail        |       |   121 |   128 ||   249
Dodge: Dodged            |    46 |    65 |    78 ||   189
Block: Buckler           |       |    20 |    26 ||    46

Levels and vault maps discovered:
D:1:      ncdulo_watergridlock, layout_loops_ring, minmay_pentomino_s4
D:2:      layout_loops_corners, uniq_terence
D:3:      layout_loops_corners, portal_sewer_entry_e, amethyst_killhole,
          minmay_joined_circles, uniq_ijyb
D:4:      layout_rooms, led_xom_imps, uniq_edmund
D:5:      layout_gridville, mainiacjoe_overflow_paths
D:6:      layout_cave_pods, zin_academy, temple_statues, serial_shops, shop,
          shop, nicolae_shop_trees, nicolae_shop_bloodbath_and_beyond, shop,
          minmay_diced_spiral, uniq_menkaure

Notes
Turn   | Place    | Note
-------+----------+-------------------------------------------
     0 | D:1      | spaghetti the Deep Elf Berserker began the quest for the
                  | Orb.
     0 | D:1      | Reached XP level 1. HP: 13/13 MP: 3/3
     0 | D:1      | magus.rc [v1.9.6]
   156 | D:1      | Reached skill level 1 in Long Blades
   313 | D:1      | Reached XP level 2. HP: 18/18 MP: 4/4
   363 | D:1      | Reached skill level 2 in Long Blades
   786 | D:1      | Reached XP level 3. HP: 22/22 MP: 5/5
  1166 | D:2      | Noticed Terence
  1185 | D:2      | Killed Terence
  1186 | D:2      | Reached skill level 3 in Long Blades
  1190 | D:2      | Reached XP level 4. HP: 11/27 MP: 6/6
  1624 | D:2      | Identified the +0 leather armour "Atzumev" {Harm rF+
                  | Stlth+}
  2306 | D:3      | Noticed a phantom
  2325 | D:3      | Killed a phantom
  2326 | D:3      | Reached skill level 4 in Long Blades
  2326 | D:3      | Reached XP level 5. HP: 22/31 MP: 7/7
  2675 | D:3      | Reached ** piety under Trog
  2920 | D:3      | Reached skill level 5 in Long Blades
  3015 | D:3      | Noticed Ijyb
  3024 | D:3      | Killed Ijyb
  3025 | D:3      | Reached XP level 6. HP: 36/36 MP: 8/8
  3460 | D:3      | Reached skill level 6 in Long Blades
  3866 | D:4      | You pick up a book of Winter {forbidden} and begin
                  | reading...
  3866 | D:4      | You add the spells Ozocubu's Armour, Metabolic Englaciation
                  | and Simulacrum to your library.
  3917 | D:4      | Noticed Edmund
  3921 | D:4      | Reached XP level 7. HP: 40/40 MP: 9/9
  3950 | D:4      | Killed Edmund
  3951 | D:4      | Reached skill level 7 in Long Blades
  3987 | D:4      | You add the spells Sting, Ignite Poison, Summon Hydra and
                  | Storm Form to your library.
  3987 | D:4      | Got the Grimoire of Mutagenic Creation {forbidden}
  4197 | D:4      | Found a shimmering altar of Xom.
  4383 | D:4      | Reached skill level 8 in Long Blades
  4388 | D:4      | HP: 10/40 [poisoned by a crimson imp]
  4791 | D:5      | Entered Level 5 of the Dungeon
  5026 | D:5      | Reached XP level 8. HP: 45/45 MP: 10/10
  5112 | D:5      | Found a stormy altar of Qazlal.
  5291 | D:5      | Reached skill level 3 in Dodging
  5494 | D:5      | Identified the +3 dagger "Cyutuox" {protect, rElec rC- MP+9
                  | Str+9}
  5723 | D:5      | Reached skill level 4 in Dodging
  5903 | D:5      | Reached skill level 9 in Long Blades
  6281 | D:6      | Reached skill level 5 in Dodging
  6281 | D:6      | Noticed a troll
  6292 | D:6      | Found Poehompi's Magic Scroll Shoppe.
  6301 | D:6      | HP: 7/45 [troll (7)]
  6303 | D:6      | Slain by a troll

Vanquished Creatures
  Edmund (D:4)
  A water moccasin (D:6)
  A black bear (D:4)
  2 ice beasts (D:5)
  2 ogres
  2 centaurs
  A phantom (D:3)
  A bullfrog (D:6)
  2 scorpions
  A howler monkey (D:5)
  4 crimson imps (D:4)
  2 hounds (D:5)
  A gnoll shaman (D:5)
  2 orc priests (D:3)
  Ijyb (D:3)
  Terence (D:2)
  8 gnolls
  8 adders
  2 river rats (D:3)
  An ufetubus (D:5)
  A worm (D:5)
  2 dart slugs
  5 orcs
  3 bats
  8 endoplasms
  13 giant cockroaches
  8 goblins
  7 hobgoblins
  9 jackals
  4 quokkas
  4 ball pythons
  7 frilled lizards
  6 kobolds
  4 rats
125 creatures vanquished.

Table legend:
 A = Non-vault XP
 B = Vault XP
 C = Vault XP percentage of total XP
 D = Non-vault monster count
 E = Vault monster count
 F = Vault count percentage of total count
                 A         B        C        D         E       F
            +---------+---------+-------+---------+---------+-------
      Total |    1941 |     534 |  21.6 |      94 |      31 |  24.8
            +---------+---------+-------+---------+---------+-------
        D:1 |      50 |       6 |  10.7 |      19 |       3 |  13.6
        D:2 |      50 |      36 |  41.9 |      17 |       1 |   5.6
        D:3 |     332 |     130 |  28.1 |      24 |      22 |  47.8
        D:4 |     276 |     362 |  56.7 |       9 |       5 |  35.7
        D:5 |     871 |       0 |   0.0 |      22 |       0 |   0.0
        D:6 |     362 |       0 |   0.0 |       3 |       0 |   0.0
            +---------+---------+-------+---------+---------+-------

Illustrated notes

Table legend:
 A = Kills in this place as a percentage of kills in entire the game.
 B = Kills by you in this place as a percentage of kills by you in the entire game.
 C = Kills by friends in this place as a percentage of kills by friends in the entire game.
 D = Other kills in this place as a percentage of other kills in the entire game.
 E = Experience gained in this place as a percentage of experience gained in the entire game.
 F = Experience gained in this place divided by the number of levels of this place that you have seen.
                   A       B       C       D       E      F
               +-------+-------+-------+-------+-------+----------------------
         Total | 100.0 | 100.0 |   N/A |   N/A | 100.0 | 412.5
       Dungeon | 100.0 | 100.0 |   N/A |   N/A | 100.0 | 412.5
               +-------+-------+-------+-------+-------+----------------------

Table legend: (Time is in decaauts)
 A = Elapsed time spent in this place.
 B = Non-inter-level travel time spent in this place.
 C = Inter-level travel time spent in this place.
 D = Time resting spent in this place.
 E = Time spent auto-exploring this place.
 F = Levels seen in this place.
 G = Mean time per level.
                   A        B        C        D        E       F      G
               +--------+--------+--------+--------+--------+-----+--------+
         Total |   6344 |   6165 |    179 |   1444 |   3718 |   6 | 1057.3 |
       Dungeon |   6344 |   6165 |    179 |   1444 |   3718 |   6 | 1057.3 |
               +--------+--------+--------+--------+--------+-----+--------+

Top non-repeatable levels by time:
     D:3: 1563 daAuts
     D:5: 1473 daAuts
     D:2: 1159 daAuts
     D:1: 1117 daAuts
     D:4: 1003 daAuts
     D:6: 27 daAuts
